 Dungeon Crawl Stone Soup version 0.26-a0-652-gafc20e3620 (webtiles) character file.

Game seed: 10767856478131450465

147 karrick the Sneak (level 5, -2/43 HPs)
             Began as a Gnoll Brigand on Oct 3, 2020.
             Slain by a crocodile (20 damage)
             ... in a sewer.
             The game lasted 00:08:14 (3311 turns).

karrick the Sneak (Gnoll Brigand)                   Turns: 3311, Time: 00:08:15

Health: -2/43      AC:  3    Str: 14    XL:     5   Next: 29%
Magic:  7/7        EV: 13    Int: 14    God:
Gold:   85         SH:  0    Dex: 16    Spells: 6/6 levels left

rFire    . . .     SeeInvis .   m - -3 rapier (curse)
rCold    . . .     Faith    .   (no shield)
rNeg     . . .     Spirit   .   b - +0 robe
rPois    .         Reflect  .   (no helmet)
rElec    .         Harm     .   c - +0 cloak
rCorr    .         Rampage  .   (no gloves)
MR       .....                  (no boots)
Stlth    ++++......             (no amulet)
HPRegen  0.14/turn              (no ring)
MPRegen  0.10/turn              (no ring)

@: no status effects
A: distributed training, fangs 1, strong nose
a: no special abilities


You were in a sewer.
You visited 1 branch of the dungeon, and saw 3 of its levels.
You also visited: Sewer.

You collected 85 gold pieces.

Inventory:

Hand Weapons
 a - a +2 dagger
 m - a cursed -3 rapier (weapon)
Missiles
 d - 8 poisoned darts (quivered)
 e - 6 curare-tipped darts
Armour
 b - a +0 robe (worn)
 c - a +0 cloak (worn)
Scrolls
 g - 2 scrolls of fear
 i - 2 scrolls of teleportation
 l - 2 scrolls of amnesia
Potions
 h - a potion of stabbing {unknown}
 j - a potion of mutation {unknown}
 k - a potion of curing
 n - a potion of haste {unknown}
 o - a potion of invisibility {unknown}


   Skills:
 + Level 4.7 Fighting
 + Level 4.7 Short Blades
 + Level 1.4 Long Blades
 + Level 1.4 Axes
 + Level 1.4 Maces & Flails
 + Level 1.4 Polearms
 + Level 1.4 Staves
 + Level 1.4 Slings
 + Level 1.4 Bows
 + Level 1.4 Crossbows
 + Level 4.7 Throwing
 + Level 1.4 Armour
 + Level 2.9 Dodging
 + Level 7.9 Stealth
 + Level 1.4 Shields
 + Level 1.4 Unarmed Combat
 + Level 1.4 Spellcasting
 + Level 1.1 Conjurations
 + Level 1.1 Hexes
 + Level 1.1 Summonings
 + Level 1.1 Necromancy
 + Level 1.1 Translocations
 + Level 1.1 Transmutations
 + Level 1.1 Fire Magic
 + Level 1.1 Ice Magic
 + Level 1.1 Air Magic
 + Level 1.1 Earth Magic
 + Level 1.1 Poison Magic
 + Level 1.6 Invocations
 + Level 1.4 Evocations


You had 6 spell levels left.
You didn't know any spells.
Your spell library was empty.

Dungeon Overview and Level Annotations

Branches:
Dungeon (3/15)              Sewer (1/1)

Altars:


Innate Abilities, Weirdness & Mutations

Your experience applies equally to all skills.
You have very sharp teeth.
Your uncanny sense of smell can sniff out nearby items.


Message History

The crocodile is heavily wounded.
The crocodile bites you!
You closely miss the crocodile.
The crocodile is heavily wounded.
The crocodile bites you.
You hit the crocodile but do no damage.
The crocodile is heavily wounded.
The crocodile barely misses you.
You hit the crocodile.
The crocodile is severely wounded.
The crocodile bites you!!
* * * LOW HITPOINT WARNING * * *
You feel much better. The crocodile bites you.
You hit the crocodile but do no damage.
The crocodile is severely wounded.
The crocodile barely misses you.
You hit the crocodile.
The crocodile is severely wounded.
The crocodile bites you!!
You die...

#.≈.# #≈..#
##.≈###..##
#..≈#...#
##.....##
#...≈.#
##≈..##
#≈.≈###
#?≈#≈#t)#
#[(#.#@$#
#########


You could see a crocodile.

Vanquished Creatures
  A worker ant (D:2)
  4 adders
  A river rat (D:3)
  A worm (D:2)
  4 dart slugs
  4 leopard geckos
  4 giant cockroaches
  2 goblins
  6 hobgoblins
  7 jackals
  10 kobolds
  A ball python (D:3)
  10 bats
  5 rats
60 creatures vanquished.

Notes
Turn   | Place    | Note
-------+----------+-------------------------------------------
     0 | D:1      | karrick the Gnoll Brigand began the quest for the Orb.
     0 | D:1      | Reached XP level 1. HP: 20/20 MP: 1/1
    40 | D:1      | HP: 1/20 [jackal (2)]
    57 | D:1      | HP: 1/20 [bat (1)]
   385 | D:1      | Reached XP level 2. HP: 24/26 MP: 2/2
  1111 | D:2      | Reached XP level 3. HP: 31/31 MP: 3/3
  1400 | D:1      | Reached skill level 1 in Invocations
  1732 | D:2      | Reached skill level 1 in Long Blades
  1732 | D:2      | Reached skill level 1 in Axes
  1732 | D:2      | Reached skill level 1 in Maces & Flails
  1732 | D:2      | Reached skill level 1 in Polearms
  1732 | D:2      | Reached skill level 1 in Staves
  1732 | D:2      | Reached skill level 1 in Slings
  1732 | D:2      | Reached skill level 1 in Bows
  1732 | D:2      | Reached skill level 1 in Crossbows
  1732 | D:2      | Reached skill level 1 in Armour
  1732 | D:2      | Reached skill level 1 in Shields
  1732 | D:2      | Reached skill level 1 in Unarmed Combat
  1732 | D:2      | Reached skill level 1 in Spellcasting
  1732 | D:2      | Reached skill level 1 in Evocations
  1732 | D:2      | Reached XP level 4. HP: 38/38 MP: 5/5
  1827 | D:2      | Reached skill level 1 in Conjurations
  1827 | D:2      | Reached skill level 1 in Hexes
  1827 | D:2      | Reached skill level 1 in Summonings
  1827 | D:2      | Reached skill level 1 in Necromancy
  1827 | D:2      | Reached skill level 1 in Translocations
  1827 | D:2      | Reached skill level 1 in Transmutations
  1827 | D:2      | Reached skill level 1 in Fire Magic
  1827 | D:2      | Reached skill level 1 in Ice Magic
  1827 | D:2      | Reached skill level 1 in Air Magic
  1827 | D:2      | Reached skill level 1 in Earth Magic
  1827 | D:2      | Reached skill level 1 in Poison Magic
  2618 | D:3      | Reached XP level 5. HP: 42/43 MP: 6/6
  2962 | D:3      | Found a glowing drain.
  2980 | Sewer    | Entered a sewer
  3263 | Sewer    | Noticed a crocodile
  3308 | Sewer    | HP: 2/43 [crocodile (19)]
  3311 | Sewer    | Slain by a crocodile

Illustrated notes

Levels and vault maps discovered:
D:1:      erik_arrival_blinker_ship, layout_basic
D:2:      layout_rooms
D:3:      layout_loops_ring, gup_sewer_entry_spiral, elyvilon_altar_3
Sewer:    sewer_the_crocodile

Skill      XL: |  1  2  3  4 |
---------------+-------------+-----
Invocations    | 1 |  1.6
Long Blades    | 1 |  1.4
Axes           | 1 |  1.4
Maces & Flails | 1 |  1.4
Polearms       | 1 |  1.4
Staves         | 1 |  1.4
Slings         | 1 |  1.4
Bows           | 1 |  1.4
Crossbows      | 1 |  1.4
Armour         | 1 |  1.4
Shields        | 1 |  1.4
Unarmed Combat | 1 |  1.4
Spellcasting   | 1 |  1.4
Evocations     | 1 |  1.4
Conjurations   | 1 |  1.1
Hexes          | 1 |  1.1
Summonings     | 1 |  1.1
Necromancy     | 1 |  1.1
Translocations | 1 |  1.1
Transmutations | 1 |  1.1
Fire Magic     | 1 |  1.1
Ice Magic      | 1 |  1.1
Air Magic      | 1 |  1.1
Earth Magic    | 1 |  1.1
Poison Magic   | 1 |  1.1
Fighting       | |  4.7
Short Blades   | |  4.7
Throwing       | |  4.7
Dodging        | |  2.9
Stealth        | |  7.9

Action                   |  1- 3 |  4- 6 || total
-------------------------+-------+-------++-------
Melee: Dagger            |    90 |   157 ||   247
       Bite              |    10 |    24 ||    34
       Unarmed           |       |     2 ||     2
       Punch             |       |     1 ||     1
       Rapier            |       |    10 ||    10
  Use: Scroll            |       |     9 ||     9
       Potion            |       |     3 ||     3
 Stab: Sleeping          |     9 |    14 ||    23
Armor: Robe              |    24 |    15 ||    39
Dodge: Dodged            |    60 |    77 ||   137

Table legend: (Time is in decaauts)
 A = Elapsed time spent in this place.
 B = Non-inter-level travel time spent in this place.
 C = Inter-level travel time spent in this place.
 D = Time resting spent in this place.
 E = Time spent auto-exploring this place.
 F = Levels seen in this place.
 G = Mean time per level.
                   A        B        C        D        E       F      G
               +--------+--------+--------+--------+--------+-----+--------+
         Total |   3278 |   3231 |     47 |   1237 |   1141 |   4 |  819.5 |
       Dungeon |   2949 |   2902 |     47 |   1031 |   1108 |   3 |  983.0 |
         Sewer |    328 |    328 |      0 |    206 |     33 |   1 |  328.0 |
               +--------+--------+--------+--------+--------+-----+--------+

Top non-repeatable levels by time:
     D:1: 1310 daAuts
     D:2: 1181 daAuts
     D:3: 457 daAuts
   Sewer: 328 daAuts
